 Dungeon Crawl Stone Soup version 0.28.0-1-gb440e238dd (webtiles) character file.

Game seed: 11888296330684880029

4 mortz the Sneak (level 1, 0/9 HPs)
             Began as a Spriggan Enchanter on Feb 27, 2022.
             Slain by a quokka (3 damage)
             ... on level 1 of the Dungeon.
             The game lasted 00:02:26 (392 turns).

mortz the Sneak (Spriggan Enchanter)                 Turns: 392, Time: 00:02:26

Health: 0/9        AC:  2    Str:  4    XL:     1   Next: 50%
Magic:  5/5        EV: 17    Int: 16    God:
Gold:   7          SH:  0    Dex: 15    Spells: 5/5 levels left

rFire   . . .      SeeInvis +   a - +1 dagger {short}
rCold   . . .      Faith    .   (no shield)
rNeg    . . .      Spirit   .   b - +0 robe
rPois   .          Reflect  .   (helmet restricted)
rElec   .          Harm     .   (no cloak)
rCorr   .          Rampage  .   (gloves unavailable)
Will    .....                   (boots unavailable)
Stlth   +++.......              (no amulet)
HPRegen 0.03/turn               (no ring)
MPRegen 0.09/turn               (no ring)

@: very quick
A: very small, no large weapons, unfitting armour, see invisible, speed 3
a: no special abilities


You were on level 1 of the Dungeon.
You visited 1 branch of the dungeon, and saw 1 of its levels.

You collected 7 gold pieces.


Innate Abilities, Weirdness & Mutations

You are very small and have problems with some larger weapons.
You are too small for most types of armour.
You have supernaturally acute eyesight. (SInv)
You cover ground extremely quickly. (Speed+++)


   Skills:
 + Level 1.1 Short Blades
 + Level 2.7 Dodging
 + Level 4.6 Stealth
 + Level 2.8 Spellcasting
 + Level 3.7 Hexes


You had 5 spell levels left.
You didn't know any spells.
Your spell library contained the following spells:

 Spells                   Type           Power      Damage    Failure   Level
 Confusing Touch          Hex            14%        N/A       12%         3
 Tukima's Dance           Hex            14%        N/A       12%         3
 Ensorcelled Hibernation  Hex/Ice        16%        N/A       13%         2
 Dazzling Flash           Conj/Hex       16%        N/A       26%         3
 Ozocubu's Armour         Ice            2%         N/A       50%         3
 Metabolic Englaciation   Hex/Ice        4%         N/A       94%         5
 Simulacrum               Ice/Necr       1%         N/A       100%        6

Inventory:

Hand Weapons
 a - a +1 dagger (weapon) {short}
Missiles
 e - 16 stones (quivered) {throwing}
Armour
 b - a +0 robe (worn)
Potions
 c - a potion of invisibility
 d - 3 potions of resistance {unknown}

Dungeon Overview and Level Annotations

Branches:
Dungeon (1/15)

Altars:

.#........ ..........
.. .#........ ...
#####...# #.# #...h #.#
#...# ############ #.#
#...# #.......##.## #.#
##h##
#$#.#####>#.#@###.#
#.##
#......##..###r...#####
#..#
###.#r..#.#.#.##......#
#...
#.......##.###.####.#
##.# #[.........#
#.####.######.#
##.....#####
#.##........... ##...##
#.##.#.#####... #####
#.##...# #... #......#
#.##


You could see a quokka.


Message History

🤖 Initializing magus.rc ...
Options error: Delay interrupt name "hungry" not recognised. (~/.crawlrc:4771) Options error: Bad monster_list_colour key: strict_neutral (~/.crawlrc:4786) ✅ Successfully initialized magus.rc [v1.9.6] Welcome, mortz the Spriggan Enchanter.
Will you be the one to retrieve the breathtaking Orb of Zot from the depths?
Press ? for a list of commands and other information.
Found a staircase leading out of the dungeon.
You open the door.
There is an open door here.
You open the gate.
There is an open gate here.
You now have 7 gold pieces.
d - 2 murky emerald potions An endoplasm comes into view.
The helpless endoplasm fails to defend itself.
You impale the endoplasm!!
You kill the endoplasm!
e - 16 stones {throwing} A jackal comes into view.
The jackal barks!
You hear a bark!
A jackal comes into view.
You see here a book of Winter.
You pick up a book of Winter and begin reading...
You add the spells Ozocubu's Armour, Metabolic Englaciation and Simulacrum to your library.
You hit the jackal. You completely miss the jackal.
The jackal bites you. 😕 HP[-1]
You take 1 damage, and now have 8/9 hp.
You hit the jackal. The jackal bites you. 😮 HP[-3]
You take 3 damage, and now have 5/9 hp.
MASSIVE DAMAGE!! (PAUSE) 😮 HP[+1]
You start resting.
A jackal is nearby!
You start resting. 😎 HP[+3]
Your hp is fully restored (9).
Found a stone staircase leading down.
A dart slug comes into view.
You see here a murky emerald potion.
Okay, then.
You hit the dart slug. The dart slug launches a dart at you.
The slug dart misses you.
You hit the dart slug. The dart slug bites you. 😕 HP[-1]
You take 1 damage, and now have 8/9 hp.
You hit the dart slug but do no damage. You hit the dart slug.
The dart slug barely misses you.
You hit the dart slug. The dart slug barely misses you.
You hit the dart slug.
You kill the dart slug!
d - 3 murky emerald potions (gained 1)
You start resting. 😎 HP[+1]
Your hp is fully restored (9).
Found a stone staircase leading down.
A quokka comes into view.
There is a stone staircase leading down here.
The quokka closely misses you.
You hit the quokka.
The quokka bites you but does no damage.
You barely miss the quokka. The quokka misses you.
You hit the quokka but do no damage. The quokka misses you.
You closely miss the quokka. The quokka bites you. x2
* * * LOW HITPOINT WARNING * * *
😨 HP[-5]
You take 5 damage, and now have 4/9 hp.
MASSIVE DAMAGE!! (PAUSE)
You hit the quokka. The quokka closely misses you.
You hit the quokka. The quokka completely misses you.
You hit the quokka. The quokka bites you.
* * * LOW HITPOINT WARNING * * *
😱 HP[-2]
You take 2 damage, and now have 2/9 hp.
MASSIVE DAMAGE!! (PAUSE)
You start resting.
A quokka is nearby! 😨 HP[+1]
You hit the quokka but do no damage. The quokka barely misses you.
You hit the quokka but do no damage. The quokka closely misses you.
You closely miss the quokka. The quokka misses you.
You barely miss the quokka. The quokka bites you.
You die...

Action                   || total
-------------------------++-------
Melee: Dagger            ||    21
 Stab: Sleeping          ||     1
Armor: Robe              ||     1
Dodge: Dodged            ||    11

Levels and vault maps discovered:
D:1:      sevenhm_arrival_forest_fort_large_2, layout_loops_cross

Notes
Turn   | Place    | Note
-------+----------+-------------------------------------------
     0 | D:1      | mortz the Spriggan Enchanter began the quest for the Orb.
     0 | D:1      | Reached XP level 1. HP: 9/9 MP: 5/5
     0 | D:1      | magus.rc [v1.9.6]
   133 | D:1      | You pick up a book of Winter and begin reading...
   133 | D:1      | You add the spells Ozocubu's Armour, Metabolic Englaciation
                  | and Simulacrum to your library.
   356 | D:1      | HP: 2/9 [quokka (2)]
   392 | D:1      | Slain by a quokka

Vanquished Creatures
  A dart slug (D:1)
  An endoplasm (D:1)
2 creatures vanquished.

Table legend:
 A = Non-vault XP
 B = Vault XP
 C = Vault XP percentage of total XP
 D = Non-vault monster count
 E = Vault monster count
 F = Vault count percentage of total count
                 A         B        C        D         E       F
            +---------+---------+-------+---------+---------+-------
      Total |       6 |       0 |   0.0 |       2 |       0 |   0.0
            +---------+---------+-------+---------+---------+-------
        D:1 |       6 |       0 |   0.0 |       2 |       0 |   0.0
            +---------+---------+-------+---------+---------+-------

Illustrated notes

Table legend:
 A = Kills in this place as a percentage of kills in entire the game.
 B = Kills by you in this place as a percentage of kills by you in the entire game.
 C = Kills by friends in this place as a percentage of kills by friends in the entire game.
 D = Other kills in this place as a percentage of other kills in the entire game.
 E = Experience gained in this place as a percentage of experience gained in the entire game.
 F = Experience gained in this place divided by the number of levels of this place that you have seen.
                   A       B       C       D       E      F
               +-------+-------+-------+-------+-------+----------------------
         Total | 100.0 | 100.0 |   N/A |   N/A | 100.0 |   6.0
       Dungeon | 100.0 | 100.0 |   N/A |   N/A | 100.0 |   6.0
               +-------+-------+-------+-------+-------+----------------------

Table legend: (Time is in decaauts)
 A = Elapsed time spent in this place.
 B = Non-inter-level travel time spent in this place.
 C = Inter-level travel time spent in this place.
 D = Time resting spent in this place.
 E = Time spent auto-exploring this place.
 F = Levels seen in this place.
 G = Mean time per level.
                   A        B        C        D        E       F      G
               +--------+--------+--------+--------+--------+-----+--------+
         Total |    287 |    287 |      0 |    100 |    102 |   1 |  287.0 |
       Dungeon |    287 |    287 |      0 |    100 |    102 |   1 |  287.0 |
               +--------+--------+--------+--------+--------+-----+--------+

Top non-repeatable levels by time:
     D:1: 287 daAuts
